 Dungeon Crawl Stone Soup version 0.30-a0-557-ge2afbf3030 (webtiles) character file.

Game seed: 6302416909039328983

341 Iich the Chopper (level 6, 0/49 HPs)
             Began as a Minotaur Fighter on Dec 28, 2022.
             Was a Follower of Ru.
             Slain by Crazy Yiuf
             ... wielding a +2 quarterstaff of chaos
              (11 damage)
             ... on level 2 of the Dungeon.
             The game lasted 00:04:43 (1471 turns).

Iich the Chopper (Minotaur Fighter)                 Turns: 1471, Time: 00:04:44

Health: 0/49       AC:  9    Str: 22    XL:     6   Next: 30%
Magic:  5/5        EV:  7    Int: 11    God:    Ru [*.....]
Gold:   113        SH:  4    Dex: 10    Spells: 5/5 levels left

rFire   . . .      SeeInvis .    a - +0 war axe
rCold   . . .      Faith    .    c - +0 buckler
rNeg    . . .      Spirit   .    j - +0 chain mail
rPois   .          Reflect  .    (helmet restricted)
rElec   .          Harm     .    (no cloak)
rCorr   .          Rampage  .    (no gloves)
Will    .....                    (no boots) Stlth
                                 (no amulet)
HPRegen 0.28/turn                l - +6 ring of intelligence
MPRegen 0.09/turn                r - ring of wizardry

@: lethally poisoned (0 -> -28), flying
A: horns 2, frail 1, retaliatory headbutt
a: Renounce Religion


You were on level 2 of the Dungeon.
You worshipped Ru.
Ru was aware of your devotion.
You visited 1 branch of the dungeon, and saw 2 of its levels.

You collected 113 gold pieces.

Inventory:

Hand Weapons
 a - a +0 war axe (weapon)
Armour
 b - a +0 scale mail
 c - a +0 buckler (worn)
 j - a +0 chain mail (worn)
Jewellery
 l - a +6 ring of intelligence (left hand)
 r - a ring of wizardry (right hand)
Scrolls
 f - a scroll of teleportation {unknown}
 g - a scroll of noise
 h - a scroll of enchant armour {unknown}
 i - a scroll of amnesia {unknown}
 k - a scroll of blinking {unknown}
 n - a scroll of identify {unknown}
 o - a scroll of fear {unknown}
Potions
 d - a potion of might
 m - a potion of resistance {unknown}
 p - a potion of haste {unknown}
 q - a potion of curing {unknown}


   Skills:
 + Level 4.9 Fighting
 * Level 7.1 Axes
 + Level 4.0 Armour
 - Level 3.6 Shields


You had 5 spell levels left.
You didn't know any spells.
Your spell library contained the following spells:

 Spells                   Type           Power      Damage    Failure   Level
 Beastly Appendage        Tmut           0%         N/A       80%         1
 Wereblood                Tmut           0%         N/A       90%         2
 Portal Projectile        Hex/Tloc       0%         N/A       98%         3
 Spider Form              Tmut/Pois      0%         N/A       98%         3
 Tukima's Dance           Hex            0%         N/A       98%         3
 Blade Hands              Tmut           0%         N/A       100%        5


Dungeon Overview and Level Annotations

Branches:
Dungeon (2/15)

Altars:
Nemelex Xobeh
Ru

Annotations:
D:2 Crazy Yiuf


Innate Abilities, Weirdness & Mutations

You have a pair of horns on your head.
You are frail. (-10% HP)
You reflexively headbutt those who attack you in melee.


Message History

r - a ring of wizardry You see here a human skeleton.
r - a ring of wizardry (right hand)
Okay, then.
As you read the scroll labelled UCEMPOYTYU, it crumbles to dust.
You hear a loud clanging noise!
It was a scroll of noise.
Okay, then.
Okay, then.
There is an open door, spattered with blood here.
You see here a +2 dagger of freezing.
There is an open door here.
Things that are here:
a +0 club; a +0 dagger; a kobold corpse
There is an open gate here.
You see here a +0 robe.
You see here a +0 dagger.
There is a fountain of clear blue water here.
You see here a +0 dagger.
Found a hammer.
Found a runed translucent door.
Crazy Yiuf grits, "Key senile stair!"
Could not explore, unopened runed door.
You open the door. You closely miss Crazy Yiuf.
Crazy Yiuf hits you with a +2 quarterstaff of chaos!
You are poisoned.
You hit Crazy Yiuf.
Crazy Yiuf is moderately wounded.
You feel very sick.
Crazy Yiuf cries, "You leg down broken song, no?"
Crazy Yiuf hits you with a +2 quarterstaff of chaos!
You are lethally poisoned!
It was a potion of flight.
You feel very buoyant.
You fly up into the air.
* * * LOW HITPOINT WARNING * * *
You feel extremely sick.
Crazy Yiuf yells, "Pitchfork sanguine canine!"
Crazy Yiuf hits you with a +2 quarterstaff of chaos!
You die...

# ## ##. ######..
##...##.# ###
####..#.##.# #)..###
##.#...#....#
#...g@####.........#.#
#...##..#..........#.#
### ###.#..#........#
#######.#######
#........
#######........
#....#.........
#....#.........
####....#.........


You could see Crazy Yiuf.

Vanquished Creatures
  Sigmund (D:2)
  A jelly (D:2)
  Robin (D:2)
  4 adders (D:2)
  A dart slug (D:1)
  4 bats
  12 endoplasms
  5 giant cockroaches
  14 goblins
  4 hobgoblins
  4 jackals (D:1)
  7 quokkas
  6 ball pythons
  5 frilled lizards
  12 kobolds
  3 rats
84 creatures vanquished.

Vanquished Creatures (others)
  A fungus (D:2)
  10 toadstools (D:2)
11 creatures vanquished.

Grand Total: 95 creatures vanquished

Notes
Turn   | Place    | Note
-------+----------+-------------------------------------------
     0 | D:1      | Iich the Minotaur Fighter began the quest for the Orb.
     0 | D:1      | Reached XP level 1. HP: 19/19 MP: 0/0
    48 | D:1      | Reached XP level 2. HP: 21/27 MP: 1/1
   170 | D:1      | Reached skill level 3 in Axes
   334 | D:1      | Reached XP level 3. HP: 27/34 MP: 2/2
   715 | D:2      | Reached skill level 4 in Axes
   734 | D:2      | Reached XP level 4. HP: 36/41 MP: 3/3
   912 | D:2      | Found a faded altar of an unknown god.
   920 | D:2      | Prayed at the altar of an unknown god.
   920 | D:2      | Became a worshipper of Ru the Awakened
   924 | D:2      | Noticed Sigmund
   936 | D:2      | Gained mutation: You are frail. (-10% HP) [Ru sacrifice]
   936 | D:2      | Reached * piety under Ru
   947 | D:2      | Killed Sigmund
   948 | D:2      | Reached skill level 6 in Axes
   948 | D:2      | Reached XP level 5. HP: 22/42 MP: 4/4
  1048 | D:2      | Found a sparkling altar of Nemelex Xobeh.
  1055 | D:2      | Noticed Robin
  1059 | D:2      | Reached XP level 6. HP: 46/49 MP: 5/5
  1066 | D:2      | Killed Robin
  1302 | D:2      | Reached skill level 7 in Axes
  1464 | D:2      | Found a runed translucent door.
  1465 | D:2      | Noticed Crazy Yiuf
  1471 | D:2      | Slain by Crazy Yiuf

Illustrated notes

Levels and vault maps discovered:
D:1:      lightli_arrival_statuegarden, layout_basic, minivault_11,
          minmay_pentomino_r2
D:2:      cheibrodos_fertilizer, layout_basic,
          hellmonk_ecumenical_altar_leap_of_faith, basic_altar, chequers_avenue,
          nicolae_elevator_lobby_asterisk, uniq_crazy_yiuf_cottage, uniq_robin,
          uniq_sigmund

Skill      XL: |  1  2  3  4  5  6 |
---------------+-------------------+-----
Fighting       | 4 |  4.9
Axes           | 3 4 6 7 |  7.1
Armour         | 4 |  4.0
Shields        | |  3.6

Action                   |  1- 3 |  4- 6 || total
-------------------------+-------+-------++-------
Melee: War axe           |    94 |    48 ||   142
       Headbutt          |     8 |     5 ||    13
Invok: Sacrifice Health  |       |     1 ||     1
  Use: Scroll            |       |     1 ||     1
       Potion            |       |     1 ||     1
Armor: Scale mail        |    42 |       ||    42
       Chain mail        |    10 |    40 ||    50
Dodge: Dodged            |    51 |    27 ||    78
Block: Buckler           |    37 |    15 ||    52

Table legend: (Time is in decaauts)
 A = Elapsed time spent in this place.
 B = Non-inter-level travel time spent in this place.
 C = Inter-level travel time spent in this place.
 D = Time resting spent in this place.
 E = Time spent auto-exploring this place.
 F = Levels seen in this place.
 G = Mean time per level.
                   A        B        C        D        E       F      G
               +--------+--------+--------+--------+--------+-----+--------+
         Total |   1517 |   1505 |     12 |      0 |   1121 |   2 |  758.5 |
       Dungeon |   1517 |   1505 |     12 |      0 |   1121 |   2 |  758.5 |
               +--------+--------+--------+--------+--------+-----+--------+

Top non-repeatable levels by time:
     D:2: 775 daAuts
     D:1: 742 daAuts
